 Dungeon Crawl Stone Soup version 0.29.0-11-gd7f09526c8 (webtiles) character file.

Game seed: 1608510774771196804

52271 nicolae the Grappler (level 14, -5/143 HPs)
             Began as a Troll Berserker on Aug 27, 2022.
             Was a High Priest of Trog.
             Slain by a spriggan rider
             ... wielding a +0 spear
              (14 damage)
             ... on level 5 of the Lair of Beasts on Sept 4, 2022.
             The game lasted 00:44:52 (17831 turns).

nicolae the Grappler (Troll Berserker)             Turns: 17831, Time: 00:44:54

Health: -5/143     AC: 16    Str: 30    XL:     14   Next: 26%
Magic:  13/13      EV:  9    Int:  9    God:    Trog [*****.]
Gold:   727        SH:  0    Dex: 11    Spells: 13/13 levels left

rFire   + . .      SeeInvis .     - Unarmed
rCold   + . .      Faith    +   (no shield)
rNeg    . . .      Spirit   .   s - +0 gold dragon scales
rPois   +          Reflect  .   (helmet restricted)
rElec   .          Harm     .   E - +0 cloak
rCorr   .          Rampage  .   (gloves unavailable)
Will    +++..                   (boots unavailable)
Stlth   ..........              N - amulet of faith
HPRegen 2.13/turn               g - +6 ring of intelligence
MPRegen 0.13/turn               D - +4 ring of evasion

@: strong-willed (expiring), on berserk cooldown, regenerating (expiring)
A: large, unfitting armour, claws 3, regeneration 1, shaggy fur 1, tough skin 1
a: Renounce Religion, Berserk, Trog's Hand, Brothers in Arms


You were on level 5 of the Lair of Beasts.
You worshipped Trog.
Trog was extremely pleased with you.
You visited 3 branches of the dungeon, and saw 17 of its levels.
You also visited: Sewer.

You collected 922 gold pieces.
You spent 195 gold pieces at shops.

Inventory:

Hand Weapons
 a - a +3 giant spiked club
Missiles
 c - 2 throwing nets
 q - 5 javelins
 v - 7 boomerangs
 w - 34 poisoned darts (quivered)
 P - 3 curare-tipped darts
Armour
 s - +0 gold dragon scales (worn)
 E - a +0 cloak (worn)
Jewellery
 g - a +6 ring of intelligence (left claw)
 D - a +4 ring of evasion (right claw)
 J - a ring of ice
 N - an amulet of faith (around neck)
 O - an amulet of reflection
Wands
 m - a wand of quicksilver (10)
 F - a wand of polymorph (6)
 G - a wand of flame (9)
 M - a wand of charming (3)
Scrolls
 b - 8 scrolls of teleportation
 d - 2 scrolls of fog
 e - a scroll of silence
 h - a scroll of amnesia {unknown}
 j - 8 scrolls of magic mapping
 l - 2 scrolls of immolation
 p - a scroll of torment
 r - 5 scrolls of vulnerability
 u - a scroll of poison
 y - a scroll of summoning {unknown}
 K - a scroll of enchant armour {unknown}
 L - a scroll of brand weapon {unknown}
Potions
 f - 5 potions of magic
 i - 9 potions of curing
 k - 2 potions of berserk rage
 n - a potion of ambrosia
 o - 2 potions of lignification
 t - 3 potions of haste
 x - 8 potions of flight
 A - a potion of cancellation
 B - a potion of attraction {unknown}
 C - a potion of might
 I - 2 potions of mutation {unknown}


   Skills:
 - Level 10.0 Fighting
 - Level 6.0 Maces & Flails
 - Level 6.0 Throwing
 - Level 3.0 Armour
 - Level 10.0 Dodging
 + Level 14.9 Unarmed Combat
 + Level 6.7 Evocations


You had 13 spell levels left.
You didn't know any spells.
Your spell library was empty.

Dungeon Overview and Level Annotations

Branches:
Dungeon (11/15)            Temple (1/1) D:6            Lair (5/5) D:8
 Shoals (0/4) Lair:2        Snake (0/4) Lair:2        Slime (0/5) Lair:4
    Orc (0/2) D:11          Sewer (visited)

Altars:
Ashenzari
Cheibriados
Dithmenos
Elyvilon
Fedhas
Gozag
Hepliaklqana
Kikubaaqudgha
Makhleb
Nemelex Xobeh
Okawaru
Qazlal
Ru
Sif Muna
Trog
Uskayaw
Vehumet
Wu Jian
Xom
Yredelemnul
Zin
The Shining One

Shops:
D:10 [   D:11 [![[

Annotations:
Lair:2 3 runed translucent doors, exclusion: oklob plant, Zeldest's ghost, novice TrFi


Innate Abilities, Weirdness & Mutations

You are too large for most types of armour.
You have claws for hands.
Your natural rate of healing is unusually fast.
You are covered in fur. (AC +1)
You have tough skin. (AC +1)


Message History

The spriggan rider shouts!
You hear a shout!
A polar bear comes into view.
The water moccasin misses you. The wolf bites you.
* * * LOW HITPOINT WARNING * * *
The spriggan rider closely misses you. The wolf bites you but does no damage.
The water moccasin bites you.
* * * LOW HITPOINT WARNING * * *
You eviscerate the wolf!!!
You kill the wolf!
Trog accepts your kill.
You hear an angry growl.
The spriggan rider closely misses you.
The water moccasin bites you but does no damage.
The spriggan rider hits you but does no damage.
Unknown command.
You feel the effects of Trog's Hand fading.
A wolf comes into view.
The water moccasin closely misses you. The spriggan rider closely misses you.
The polar bear bites you!
* * * LOW HITPOINT WARNING * * *
The polar bear claws you but does no damage. x2
The spriggan rider hits you from afar with a +0 spear.
* * * LOW HITPOINT WARNING * * *
You see here a wolf corpse.
Unknown command.
Okay, then.
It was a potion of cancellation.
Your magical effects are unravelling.
You feel magically purged.
You feel yourself speed up.
The wolf howls!
The water moccasin bites you.
* * * LOW HITPOINT WARNING * * *
The spriggan rider hits you from afar with a +0 spear.
* * * LOW HITPOINT WARNING * * *
The water moccasin bites you but does no damage.
The polar bear barely misses you. The polar bear closely misses you. x2
The spriggan rider hits you from afar with a +0 spear!
You die...

###.+#### *,, ###.......### *,,
###...........### *,, #
#........##.....###♣ *,* #
##.....#.........##.♣♣ **,* #
####..#..........##.....♣♣♣,♣* #
#.##..#...8..i8...#..#....♣.♣
#####.'..#.....<.hi..#.........♣
..###......h.8.h@8...#..#......♣
...##.#...#......S............♣♣
...)#..#..#..#...#.....##.....♣
.......#......##...........)..♣
........###.........###......♣♣
* .......##..#......#.#....#...♣
* .......#....#..'#.#......#..♣♣
** ........##.#.#...##....####♣♣
*, ...##....#.##..........##
***,


You could see 2 spriggan riders, a polar bear, a water moccasin, a black bear
and a wolf.

Vanquished Creatures
  3 hydras
  5 boulder beetles
  A catoblepas (Lair:4)
  2 two-headed ogres
  Erica (D:8)
  A death yak (Lair:4)
  6 spriggans
  An oklob plant (Lair:1)
  A manticore (Lair:2)
  15 elephants
  5 black mambas
  Joseph (D:7)
  Maggie (D:7)
  4 rime drakes
  8 cane toads
  14 komodo dragons
  4 polar bears
  A wind drake (Lair:2)
  3 hornets
  8 dream sheep
  10 blink frogs
  2 shadows
  3 wraiths
  3 wyverns
  A steam dragon (D:9)
  59 yaks
  3 basilisks
  Menkaure (D:7)
  3 nagas (Lair:2)
  Duvessa (D:7)
  An acid dragon (D:11)
  13 water moccasins
  8 black bears
  4 ice beasts
  2 boggarts (Lair:5)
  55 wolves
  A phantom (D:4)
  10 centaurs
  3 kobold brigands
  15 bullfrogs
  A necrophage (D:5)
  2 gnoll sergeants
  2 scorpions
  Dowan (D:7)
  5 wights (D:8)
  6 howler monkeys
  2 hounds
  5 jellies
  2 iguanas
  4 orc wizards
  A merfolk avatar (Sewer)
  A merfolk siren (Sewer)
  Robin (D:4)
  16 gnolls
  7 adders
  2 river rats (Sewer)
  A shadow imp (D:6)
  4 white imps
  2 worms (D:2)
  2 dart slugs
  20 orcs
  10 ball pythons
  6 bats
  12 endoplasms
  8 giant cockroaches
  15 goblins
  13 hobgoblins
  7 jackals
  7 quokkas
  10 frilled lizards
  18 kobolds
  31 rats
  A bush (Lair:3)
508 creatures vanquished.

Vanquished Creatures (collateral kills)
  Sonja (Lair:4)
  Amaemon (D:9)
  An orange demon (D:9)
3 creatures vanquished.

Vanquished Creatures (others)
  A rime drake (Lair:2)
  2 orcs (D:9)
  71 fungi
  126 plants
200 creatures vanquished.

Grand Total: 711 creatures vanquished

Notes
Turn   | Place    | Note
-------+----------+-------------------------------------------
     0 | D:1      | nicolae the Troll Berserker began the quest for the Orb.
     0 | D:1      | Reached XP level 1. HP: 22/22 MP: 0/0
    98 | D:1      | Reached XP level 2. HP: 20/29 MP: 1/1
   202 | D:1      | Reached XP level 3. HP: 36/36 MP: 2/2
   335 | D:1      | Reached ** piety under Trog
   514 | D:1      | Found a faded altar of an unknown god.
   573 | D:2      | Reached skill level 4 in Unarmed Combat
   737 | D:2      | Reached XP level 4. HP: 33/45 MP: 3/3
  1304 | D:3      | Found a hide-covered altar of Uskayaw.
  1734 | D:3      | Reached *** piety under Trog
  2015 | D:4      | Reached skill level 5 in Unarmed Combat
  2015 | D:4      | Reached XP level 5. HP: 53/53 MP: 4/4
  2038 | D:4      | Noticed a phantom
  2052 | D:4      | Killed a phantom
  2053 | D:4      | Reached skill level 6 in Unarmed Combat
  2283 | D:4      | Reached XP level 6. HP: 61/61 MP: 5/5
  2319 | D:4      | Noticed Robin
  2333 | D:4      | Killed Robin
  2545 | D:5      | Entered Level 5 of the Dungeon
  2559 | D:5      | Noticed an ice beast
  2559 | D:5      | Noticed an ice beast
  2566 | D:5      | Killed an ice beast
  2568 | D:5      | Killed an ice beast
  2569 | D:5      | Reached skill level 7 in Unarmed Combat
  2623 | D:5      | Reached XP level 7. HP: 57/66 MP: 6/6
  2852 | D:5      | Reached skill level 8 in Unarmed Combat
  3132 | D:6      | Reached skill level 1 in Evocations
  3256 | D:6      | Found a staircase to the Ecumenical Temple.
  3274 | Temple   | Entered the Ecumenical Temple
  3568 | D:6      | Reached XP level 8. HP: 76/76 MP: 7/7
  3603 | D:6      | Found a glowing drain.
  3613 | Sewer    | Entered a sewer
  3645 | Sewer    | Reached **** piety under Trog
  3846 | Sewer    | Identified the +8 flail of Pestilence {speed, rC- Str+3
                  | Int+3 Stlth+}
  4100 | D:6      | Found a sparkling altar of Nemelex Xobeh.
  4100 | D:6      | Found an opulent altar of Gozag.
  4101 | D:6      | Found an ancient bone altar of Kikubaaqudgha.
  4280 | D:7      | Noticed Maggie
  4290 | D:7      | Killed Maggie
  4291 | D:7      | Reached skill level 5 in Evocations
  4328 | D:7      | Found a bloodstained altar of Trog.
  4473 | D:7      | Noticed Joseph
  4481 | D:7      | Killed Joseph
  4482 | D:7      | Reached XP level 9. HP: 85/85 MP: 8/8
  4602 | D:7      | Noticed Menkaure
  4608 | D:7      | Killed Menkaure
  4755 | D:7      | Noticed Dowan
  4756 | D:7      | Noticed Duvessa
  4762 | D:7      | Killed Duvessa
  4763 | D:7      | Reached skill level 9 in Unarmed Combat
  4765 | D:7      | Killed Dowan
  4769 | D:7      | Reached skill level 5 in Fighting
  5444 | D:8      | Noticed Erica
  5870 | D:8      | Found a staircase to the Lair.
  5911 | D:8      | Reached skill level 5 in Dodging
  5960 | D:8      | Reached XP level 10. HP: 90/98 MP: 9/9
  6088 | D:8      | Reached skill level 10 in Unarmed Combat
  6189 | D:8      | HP: 3/98 [something (14)]
  6351 | D:8      | Killed Erica
  6891 | D:8      | Found a shimmering blue altar of Sif Muna.
  6945 | D:8      | Found an ornate altar of the Wu Jian Council.
  7181 | D:9      | Noticed an orange demon
  7182 | D:9      | Noticed Amaemon
  7185 | D:9      | Killed an orange demon
  7189 | D:9      | Killed Amaemon
  7419 | D:9      | Found a flagged portal.
  7423 | D:9      | Noticed a two-headed ogre
  7428 | D:9      | Killed a two-headed ogre
  7429 | D:9      | Reached skill level 11 in Unarmed Combat
  7675 | D:9      | Reached XP level 11. HP: 72/109 MP: 10/10
  8321 | D:10     | Entered Level 10 of the Dungeon
  8361 | D:10     | Found a glowing silver altar of Zin.
  8370 | D:10     | Reached skill level 12 in Unarmed Combat
  8420 | D:10     | Noticed a two-headed ogre
  8423 | D:10     | Found Bonatannal's Armour Shoppe.
  8625 | D:10     | Noticed a boulder beetle
  8637 | D:10     | Killed a boulder beetle
  8728 | D:10     | Killed a two-headed ogre
  8735 | D:10     | Bought a +0 cloak for 63 gold pieces
  8791 | D:10     | Reached skill level 13 in Unarmed Combat
  9131 | D:11     | Found a staircase to the Orcish Mines.
  9139 | D:11     | Reached skill level 1 in Throwing
  9379 | D:11     | Noticed an eight-headed hydra
  9387 | D:11     | Killed an eight-headed hydra
  9453 | D:11     | Reached skill level 1 in Maces & Flails
  9991 | D:11     | Found Ygymme's Antique Armour Shop.
  9991 | D:11     | Found Plog's Distillery.
  9992 | D:11     | Found Pichoby's Armour Shop.
  9992 | D:11     | Found Xiruthre's Antique Armour Shop.
 10000 | D:11     | Bought a potion of curing for 33 gold pieces
 10000 | D:11     | Bought a potion of lignification for 33 gold pieces
 10000 | D:11     | Bought a potion of curing for 33 gold pieces
 10000 | D:11     | Bought a potion of flight for 33 gold pieces
 10022 | D:11     | Noticed a boulder beetle
 10029 | D:11     | Killed a boulder beetle
 10245 | Lair:1   | Entered Level 1 of the Lair of Beasts
 10275 | Lair:1   | Noticed a boulder beetle
 10276 | Lair:1   | Reached XP level 12. HP: 89/119 MP: 11/11
 10306 | Lair:1   | Killed a boulder beetle
 11296 | Lair:2   | Reached skill level 5 in Throwing
 11344 | Lair:2   | Found a staircase to the Snake Pit.
 11439 | Lair:2   | Identified the +8 sling of the Forsaken Ships {flame, Fly
                  | rF+ Int+2}
 12075 | Lair:2   | Found a staircase to the Shoals.
 12323 | Lair:2   | Reached skill level 5 in Maces & Flails
 12500 | Lair:2   | Found a runed translucent gate.
 12630 | Lair:2   | Found a runed translucent gate.
 12631 | Lair:2   | Found a runed translucent gate.
 12632 | Lair:2   | Noticed a nine-headed hydra
 12634 | Lair:2   | Noticed Zeldest's ghost (novice TrFi)
 12635 | Lair:2   | Noticed a nine-headed hydra
 12850 | Lair:3   | Reached XP level 13. HP: 131/131 MP: 12/12
 14448 | Lair:3   | Reached skill level 1 in Armour
 15040 | Lair:3   | Upgraded the game from 0.29.0-4-gdea44cf6ec to
                  | 0.29.0-5-ge4962eb29e
 15422 | Lair:4   | Reached skill level 10 in Dodging
 15433 | Lair:4   | Reached skill level 10 in Fighting
 15655 | Lair:4   | Noticed Sonja
 15679 | Lair:4   | Killed Sonja
 15680 | Lair:4   | Reached skill level 14 in Unarmed Combat
 15819 | Lair:4   | Found the +8 demon blade "Leech" {vamp, Harm Drain rN+}
 15929 | Lair:4   | Found a staircase to the Slime Pits.
 16305 | Lair:5   | Entered Level 5 of the Lair of Beasts
 16374 | Lair:4   | Upgraded the game from 0.29.0-5-ge4962eb29e to
                  | 0.29.0-11-gd7f09526c8
 16412 | Lair:5   | Reached XP level 14. HP: 89/143 MP: 13/13
 16560 | Lair:5   | Found a hazy altar of Hepliaklqana.
 17785 | Lair:5   | Reached ***** piety under Trog
 17831 | Lair:5   | Slain by a spriggan rider

Illustrated notes

Levels and vault maps discovered:
D:1:      tarquinn_simple_flora_water_b, layout_rooms,
          shapermc_ecumenical_altar_mp_highgroup, minmay_cut_off
D:2:      layout_loops_cross, serial_bayou, serial_bayou_crossing,
          serial_bayou_pond_d, serial_bayou_lake_a, serial_bayou_shore_a,
          mrwooster_statue_mirror
D:3:      layout_loops_ring, nicolae_uskayaw_murder_on_the_dancefloor,
          kennysheep_small_spiral
D:4:      layout_rooms, grunt_tough_drop, uniq_robin
D:5:      layout_rooms
D:6:      layout_basic, gammafunk_temple_overflow_claw,
          minmay_temple_entry_wispy, portal_sewer_entry_e
D:7:      layout_gridville, trog_ov_bears_minmay,
          nicolae_concentric_dashed_squares_wild, uniq_maggie, uniq_joseph,
          uniq_menkaure, uniq_duvessa
D:8:      layout_rooms, nicolae_wu_jian_immortal_techniques, lemuel_tele_altar,
          due_lair_maze_entry_diamond, uniq_erica
D:9:      layout_layer_cave, enter_bailey_2, minmay_misc_feat_tiny, uniq_amaemon
D:10:     layout_rooms, mainiacjoe_overflow_alcove_2, serial_shops, shop,
          kennysheep_generic_room_15
D:11:     layout_basic, orc_0_dummy, minmay_shop_grid_forest, item_on_display_a
Temple:   minmay_temple_curvy_branch
Lair:1:   layout_loops_ring
Lair:2:   minmay_lair_oklob_tunnel, layout_cave_pods,
          minmay_shoals_entry_beasts, guppyfry_snake_entry_island, special_room,
          gammafunk_ghost_hydra_chop, beast_lair_carwin_5
Lair:3:   layout_misc_corridors, wad_woods_road_01, grunt_forest_large_clearings
Lair:4:   layout_regular_city, nicolae_slime_entry_slimehenge, st_stairs_11,
          mumra_transporter_accident, minmay_holes, infiniplex_staircase_pool,
          uniq_sonja
Lair:5:   minmay_lair_end_enchanted_forest, layout_cave_pods, basic_altar,
          serial_bayou_shore_b, serial_bayou_shore_b, grunt_megastairs_2

Skill      XL: |  1  2  3  4  5  6  7  8  9 10 11 12 13 14 |
---------------+-------------------------------------------+-----
Fighting       | 3 4 6 7 9 10 | 10.0
Unarmed Combat | 4 5 6 7 8 9 11 13 14 | 14.9
Evocations     | 3 5 6 |  6.7
Dodging        | 3 5 7 9 10 | 10.0
Throwing       | 3 6 |  6.0
Maces & Flails | 2 5 6 |  6.0
Armour         | 3 |  3.0

Action                   |  1- 3 |  4- 6 |  7- 9 | 10-12 | 13-15 || total
-------------------------+-------+-------+-------+-------+-------++-------
Melee: Unarmed           |    76 |   142 |   310 |   533 |   481 ||  1542
       Punch             |     1 |     3 |     7 |    42 |    56 ||   109
       Giant spiked club |       |       |       |     3 |    13 ||    16
Throw: Dart              |       |       |       |     4 |       ||     4
       Throwing net      |       |       |       |     2 |       ||     2
       Javelin           |       |       |       |     3 |       ||     3
Invok: Berserk           |     1 |     3 |     4 |    17 |     5 ||    30
       Trog's Hand       |       |     2 |     5 |    18 |     5 ||    30
       Brothers in Arms  |       |       |       |     1 |     1 ||     2
Evoke: Wand              |       |       |       |     3 |     2 ||     5
  Use: Scroll            |       |    11 |     5 |     8 |    11 ||    35
       Potion            |       |       |       |     7 |     5 ||    12
 Stab: Held in net/web   |       |       |       |     1 |       ||     1
       Invisible         |       |       |       |     1 |       ||     1
Armor: Animal skin       |    25 |     7 |       |       |       ||    32
       Gold dragon scale |       |    60 |   232 |   263 |   252 ||   807
       Skin              |       |       |       |     6 |       ||     6
Dodge: Dodged            |    31 |    30 |   104 |   238 |   203 ||   606
